 Dungeon Crawl Stone Soup version 0.31-a0-150-g89dc3ad700 (webtiles) character file.

Game seed: 17369029837986486614

18 qw the Shooter (level 2, -4/25 HPs)
             Began as a Minotaur Hunter on June 8, 2023.
             Killed from afar by Sigmund (11 damage)
             ... with a puff of flame
             ... on level 2 of the Dungeon.
             The game lasted 00:00:21 (1043 turns).

qw the Shooter (Minotaur Hunter)                    Turns: 1043, Time: 00:00:22

Health: -4/25      AC:  2    Str: 15    XL:     2   Next: 51%
Magic:  1/1        EV: 12    Int:  6    God:
Gold:   42         SH:  0    Dex: 13    Spells: 1/1 levels left

rFire   . . .        Y - +0 shortbow
rCold   + . .        (shield currently unavailable)
rNeg    . . .        e - +0 robe {rC+}
rPois   +            (helmet restricted)
rElec   .            (no cloak)
rCorr   .            (no gloves)
SInv    .            (no boots)
Will    .....        (no amulet)
Stlth   +            a - ring of poison resistance
HPRegen 0.24/turn    (no ring)
MPRegen 0.07/turn

%: no passive effects
@: no status effects
A: horns 2, retaliatory headbutt
a: no special abilities


You were on level 2 of the Dungeon.
You visited 1 branch of the dungeon, and saw 2 of its levels.

You collected 42 gold pieces.


Innate Abilities, Weirdness & Mutations

You have a pair of horns on your head.
You reflexively headbutt those who attack you in melee.


   Skills:
 + Level 2.9 Fighting
 - Level 5.0 Ranged Weapons
 - Level 2.1 Dodging
 - Level 0.7 Stealth


You had one spell level left.
You didn't know any spells.
Your spell library was empty.

Inventory:

Hand Weapons
 Y - a +0 shortbow (weapon)
Armour
 c - a +0 leather armour
 e - a +0 robe of cold resistance (worn)
Jewellery
 a - a ring of poison resistance (left hand)
Potions
 b - a potion of magic {unknown}
 d - a potion of berserk rage {unknown}
 f - a potion of curing

Dungeon Overview and Level Annotations

Branches:
Dungeon (2/15)

Altars:

Shops:
D:1 [

Annotations:
D:2 Sigmund


Message History

Enter note:
Enter note:
961 ||| STAIRDANCE Sigmund says, "Look into my eyes."
Sigmund misses you.
You climb upwards.
There is a stone staircase leading down here.
You start resting.
HP restored.
Done exploring.
(D) Dungeon
Where to? (* - list waypoints, Enter - D:2, ? - help)
What level of the Dungeon? (default 1, ? - help)
You climb downwards.
Level annotation: Sigmund
There is a stone staircase leading up here.
Enter note: You shoot an arrow.
The arrow closely misses Sigmund.
Sigmund gestures wildly while chanting.
Sigmund flickers and vanishes!
Deactivating autopickup; reactivate with Ctrl-A.
You shoot an arrow. You shoot an arrow. You shoot an arrow.
You hear some strange, mumbled words.
You are confused.
You shoot an arrow. You shoot an arrow. Something hits you!
You shoot an arrow.
A magic dart appears from out of thin air!
The magic dart hits you.
You shoot an arrow. Something hits you!
You shoot an arrow.
You feel less confused.
You hear some strange, mumbled words.
A puff of flame appears from out of thin air!
The puff of flame hits you!
You die...

.##########...# .#
....b ###.# .. .#
##...## #.# (# .#
##### #.# .# #.# .#
#.# .# ########.# .#
.........####.######
.######..<.@.{......
.#. #..####.###### .
#..# .# #.## .# #.#
.# ### .> .# .#


There were no monsters in sight!

Vanquished Creatures
  3 ball pythons (D:1)
  2 bats
  3 endoplasms
  2 goblins (D:1)
  A hobgoblin (D:1)
  A quokka (D:1)
  2 frilled lizards (D:1)
  A kobold (D:1)
  A rat (D:1)
16 creatures vanquished.

Notes
Turn   | Place    | Note
-------+----------+-------------------------------------------
     0 | D:1      | qw the Minotaur Hunter began the quest for the Orb.
     0 | D:1      | Reached XP level 1. HP: 18/18 MP: 0/0
     0 | D:1      | 0 ||| qw: Version: 0.2-a-120-gdf1a93b
     0 | D:1      | 0 ||| qw: Game counter: 3021
     0 | D:1      | 0 ||| qw: Always use a shield: true
     0 | D:1      | 0 ||| qw: God list: Okawaru
     0 | D:1      | 0 ||| qw: Allow faded altars: false
     0 | D:1      | 0 ||| qw: Do Orc after D:15 true
     0 | D:1      | 0 ||| qw: Do second Lair branch before Depths: true
     0 | D:1      | 0 ||| qw: Lair rune preference: random
     0 | D:1      | 0 ||| qw: Plans: Normal
     0 | D:1      | 0 ||| PLANNING D:1-11
   137 | D:1      | Found Taduqami's Antique Armour Emporium.
   142 | D:1      | 142 ||| SHOPLISTING dyed leather armour (135 gold, have 1).
   142 | D:1      | 142 ||| SHOPLISTING embroidered scarf (216 gold, have 1).
   142 | D:1      | 142 ||| SHOPLISTING pair of gloves (121 gold, have 1).
   142 | D:1      | 142 ||| SHOPLISTING ring mail (108 gold, have 1).
   289 | D:1      | Reached XP level 2. HP: 25/25 MP: 1/1
   403 | D:1      | Reached skill level 5 in Ranged Weapons
   628 | D:1      | 628 ||| READING scroll labelled IMESOS MOR ENK.
   629 | D:1      | 629 ||| READING 2 scrolls labelled OSAJONK ILIO.
   630 | D:1      | 630 ||| READING scroll labelled VESUAR LEDOT.
   631 | D:1      | 631 ||| DROPPING scroll of butterflies.
   632 | D:1      | 632 ||| DROPPING scroll of fog.
   846 | D:2      | Noticed Sigmund
   849 | D:2      | 849 ||| FLEEEEING.
   850 | D:2      | 850 ||| FLEEEEING.
   851 | D:2      | 851 ||| FLEEEEING.
   852 | D:2      | 852 ||| STAIRDANCE
   872 | D:1      | 872 ||| UPGRADING to +0 robe of cold resistance.
   882 | D:1      | 882 ||| UPGRADING to ring of poison resistance.
   883 | D:1      | 883 ||| DRINKING 2 coppery potions.
   892 | D:2      | 892 ||| STAIRDANCE
   961 | D:2      | 961 ||| STAIRDANCE
  1043 | D:2      | Killed from afar by Sigmund

Levels and vault maps discovered:
D:1:      psy_arrival_fountain, layout_loops_ring, serial_shops,
          nicolae_shop_dealshenge, minmay_misc_feat_doors
D:2:      layout_loops_ring, serial_aquarium, aquarium_bridge_long_separate
          [aquarium_subvault_balcony, aquarium_subvault_window,
          aquarium_subvault_bridge, aquarium_subvault_wall,
          aquarium_subvault_bridge, aquarium_subvault_bridge],
          aquarium_window_1, aquarium_window_corner, aquarium_window_corner,
          aquarium_view_2a, uniq_sigmund

Skill      XL: |  1  2 |
---------------+-------+-----
Ranged Weapons | 5 |  5.0
Fighting       | |  2.9
Dodging        | |  2.1
Stealth        | |  0.7

Action                     || total
---------------------------++-------
   Fire: Shortbow          ||    61
    Use: Scroll            ||     3
         Potion            ||     1
  Dodge: Dodged            ||     9

Table legend:
 A = Non-vault XP
 B = Vault XP
 C = Vault XP percentage of total XP
 D = Non-vault monster count
 E = Vault monster count
 F = Vault count percentage of total count
                 A         B        C        D         E       F
            +---------+---------+-------+---------+---------+-------
      Total |      27 |       0 |   0.0 |      16 |       0 |   0.0
            +---------+---------+-------+---------+---------+-------
        D:1 |      23 |       0 |   0.0 |      14 |       0 |   0.0
        D:2 |       4 |       0 |   0.0 |       2 |       0 |   0.0
            +---------+---------+-------+---------+---------+-------
